Wolves vs Knights (R1)

Created - 22 septembre 2014 at 19:03

Goals
1 2 3 OT1 SO T
Wolves 4 0 1 0 1 5
Knights 3 0 2 0 2 6
Shots
1 2 3 OT1 SO T
Wolves 14 14 13 3 3 44
Knights 14 11 10 1 3 36

1st period

1. Wolves , Mike Zigomanis 1 (Bruno Gervais, Mike Sislo) at 2:33
2. Knights , James Wright 1 (Gustav Nyquist, Michael Raffl) at 4:07
3. Wolves , Mike Zigomanis 2 (Mike Sislo) at 11:23
4. Knights , Eric Gelinas 1 (Chris Thorburn, Mats Zuccarello) at 14:15 (PP)
5. Knights , Gustav Nyquist 1 (James Wright) at 18:22
6. Wolves , Jonathan Rheault 1 (Nate Guenin, Dan Fritsche) at 19:14
7. Wolves , Mike Zigomanis 3 (Mike Sislo, Willie Mitchell) at 19:32

Penalties :
Geoff Paukovich (Min) for Holding (Minor) at 4:16, James Marcou (Min) for Interference (Minor) at 14:02

2nd period

No Goal

Penalties :
Marco Scandella (Lon) for High sticking (Minor) at 4:37, Nikita Nikitin (Lon) for Hooking (Minor) at 6:47, Mike Sislo (Min) for Tripping (Minor) at 10:03, Geoff Paukovich (Min) for Hooking (Minor) at 18:21

3rd period

8. Knights , Mats Zuccarello 1 (Chris Thorburn, Eric Gelinas) at 2:10 (PP)
9. Knights , Kyle Greentree 1 (Garnet Exelby) at 4:26
10. Wolves , Geoff Paukovich 1 (Nate Guenin, Jonas Junland) at 12:21

Penalties :
Mike Zigomanis (Min) for Holding (Minor) at 1:59, Garnet Exelby (Lon) for Roughing (Minor) at 2:14, Dmitry Kulikov (Min) for Holding (Minor) at 4:37, Marc Methot (Min) for Interference (Minor) at 8:50, Joe Colborne (Lon) for Hooking (Minor) at 12:51, Garnet Exelby (Lon) for Hooking (Minor) at 19:16

Overtime #1

No Goal

Penalties :
No Penalty

Shootout

Penalty Shot by Mike Zigomanis for Wolves - Stopped by Dany Sabourin
Penalty Shot by Chris Thorburn for Knights - Stopped by Jamie Storr
Penalty Shot by Mike Sislo for Wolves - Goal!
Penalty Shot by Gustav Nyquist for Knights - Goal!
Penalty Shot by Milan Bartovic for Wolves - Stopped by Dany Sabourin
Penalty Shot by Zack Hamill for Knights - Goal!

Penalties :
No Penalty

Goalie Stats

Jamie Storr (Min), 31 saves from 36 shots - (0,861), OTL, 0-0-1, 65:00 minutes
Dany Sabourin (Lon), 39 saves from 44 shots - (0,886), W, 1-0-0, 65:00 minutes

Players Stats for Wolves

Player Name              G  A  P  +/- PIM S  H  SB GA TA FO     MP     PP MP  PK MP  
------------------------------------------------------------------------------------
Bruno Gervais            0  1  1   0  0   0  0  0  0  0  0/0    29:05   5:06   1:56 
Carl Klingberg           0  0  0  -1  0   2  2  0  0  0  0/0    12:37   0:15   1:49 
Chris Terry              0  0  0   1  0   1  2  0  0  0  0/0     5:58   0:00   0:00 
Dan Fritsche             0  1  1  -1  0   5  1  0  0  0  8/15   18:23   3:22   2:52 
Dmitry Kulikov           0  0  0   0  2   1  1  1  0  2  0/0    27:22   5:06   3:18 
Geoff Paukovich          1  0  1  -1  4   4  1  0  0  1  0/1    14:01   3:22   0:00 
James Marcou             0  0  0   3  2   0  1  0  0  0  0/0    15:21   0:10   0:00 
Jonas Junland            0  1  1   1  0   2  1  0  0  0  0/0     9:00   0:00   0:00 
Jonathan Rheault         1  0  1   1  0   5  2  1  0  0  0/1    11:39   0:00   5:38 
Kevin Veilleux           0  0  0   1  0   1  1  0  0  0  2/3     6:17   0:00   0:00 
Marc Methot              0  0  0   2  2   2  1  0  0  1  0/0    18:21   0:00   3:00 
Mike Sislo               0  3  3   3  2   5  3  1  1  0  1/2    21:09   5:02   0:00 
Mike Zigomanis           3  0  3   3  2   7  0  0  1  0  16/29  22:37   5:07   0:00 
Milan Bartovic           0  0  0   0  0   3  4  0  1  0  2/2    19:30   5:07   2:52 
Nate Guenin              0  2  2   0  0   1  2  0  0  0  0/0    21:25   3:33   6:12 
Nathan Davis             0  0  0  -1  0   2  1  1  0  0  6/17   17:35   0:10   5:38 
Tim Crowder              0  0  0  -2  0   0  0  1  0  0  0/1    14:26   3:22   1:49 
Willie Mitchell          0  1  1   1  0   3  1  1  0  0  0/0    24:48   3:33   6:12 

Players Stats for Knights

Player Name              G  A  P  +/- PIM S  H  SB GA TA FO     MP     PP MP  PK MP  
------------------------------------------------------------------------------------
A.J. Jenks               0  0  0   0  0   3  0  0  0  0  0/0     6:15   0:00   0:00 
Alex Chiasson            0  0  0  -2  0   3  0  1  1  0  0/0    15:36   4:21   0:00 
Carter Ashton            0  0  0   0  0   0  1  0  0  0  0/0     6:15   0:00   0:00 
Chris Thorburn           0  2  2  -2  0   2  2  2  0  0  0/0    21:26   5:58   0:00 
Danny Irmen              0  0  0   1  0   4  0  0  0  0  3/5    10:45   0:00   3:14 
Eric Gelinas             1  1  2  -2  0   3  3  3  0  0  0/0    31:56   6:23   4:58 
Garnet Exelby            0  1  1  -2  4   0  4  3  0  0  0/0    24:40   3:56   3:31 
Gustav Nyquist           1  1  2   1  0   7  1  1  1  1  3/5    15:48   0:00   4:19 
James Wright             1  1  2   1  0   3  4  0  0  1  6/16   18:39   4:21   4:39 
Joe Colborne             0  0  0  -2  2   1  2  0  0  0  3/8    10:54   0:00   0:03 
Kyle Greentree           1  0  1  -1  0   2  2  0  2  0  0/0    19:14   4:21   4:03 
Marco Scandella          0  0  0  -1  2   1  1  0  0  1  0/0    26:31   6:23   5:26 
Mats Zuccarello          1  1  2  -2  0   2  1  0  0  0  0/0    20:08   5:58   0:07 
Michael Raffl            0  1  1   1  0   1  3  0  0  0  0/0    13:03   0:00   2:09 
Nicklas Grossman         0  0  0   0  0   1  0  0  0  0  0/0    17:24   0:00   1:32 
Nikita Nikitin           0  0  0   1  2   0  0  1  0  0  0/0    10:26   0:00   0:13 
Tomas Kundratek          0  0  0   1  0   0  2  0  0  0  0/0    19:28   3:56   4:10 
Zack Hamill              0  0  0  -2  0   3  2  2  0  0  21/37  21:32   5:58   0:00 

3 Stars

1 - Mike Zigomanis (Min)
2 - Mike Sislo (Min)
3 - James Wright (Lon)

Power Play

Wolves - 0 on 5 Attempt(s) - 0,00%
Knights - 2 on 7 Attempt(s) - 28,57%

Penalty Kill

Wolves - 5 on 7 Attempt(s) - 71,43% - Score 0 goal in Penalty Kill
Knights - 5 on 5 Attempt(s) - 100,00% - Score 0 goal in Penalty Kill

Official

Referees : Morton Dean and L'Ecuyer Frederick
Linesman : Shane Heyer and Mark Pare

Game Notes

Mike Zigomanis has scored a Hat Trick!
0:56 of 2nd period - Knights goal is going for a video replay. After video review, No Goal. The puck has been kicked using a distinct kicking motion.
Kyle Greentree is injured at 16:28 of 3rd period (Torn Left MCL)

Finance

Level 1 -- Attendance: 1424 (71,20%) -- Ticket Income 49 840 $
Level 2 -- Attendance: 712 (71,20%) -- Ticket Income 14 240 $
Total Attendance: 2136 (71,20%)
Total Ticket Income: 64 080 $
Other Income: 3 204 $
Total Income: 67 284 $

Wolves

5 vs 5 Forward 
   Center                   Left Wing                Right Wing               Time % Phy DF OF 
 1 Mike Zigomanis           Mike Sislo               James Marcou             40     1   1  3  
 2 Dan Fritsche             Geoff Paukovich          Milan Bartovic           30     1   1  3  
 3 Nathan Davis             Carl Klingberg           Tim Crowder              20     1   1  3  
 4 Kevin Veilleux           Chris Terry              Jonathan Rheault         10     2   2  1  

5 vs 5 Defense 
   Defense                  Defense                                           Time % Phy DF OF 
 1 Bruno Gervais            Dmitry Kulikov                                    40     1   3  1  
 2 Willie Mitchell          Marc Methot                                       30     1   3  1  
 3 Nate Guenin              Jonas Junland                                     20     1   3  1  
 4 Bruno Gervais            Dmitry Kulikov                                    10     1   3  1  

PowerPlay Forward 
   Center                   Left Wing                Right Wing               Time % Phy DF OF 
 1 Mike Zigomanis           Mike Sislo               Milan Bartovic           60     0   0  5  
 2 Dan Fritsche             Geoff Paukovich          Tim Crowder              40     0   0  5  

PowerPlay Defense
   Defense                  Defense                                           Time % Phy DF OF 
 1 Dmitry Kulikov           Bruno Gervais                                     60     0   2  3  
 2 Willie Mitchell          Nate Guenin                                       40     0   2  3  

Penalty Kill 4 Players Forward 
   Center                   Wing                     Time % Phy DF OF 
 1 Nathan Davis             Jonathan Rheault         60     1   4  0  
 2 Milan Bartovic           Dan Fritsche             40     1   4  0  

Penalty Kill 4 Players Defense
   Defense                  Defense                  Time % Phy DF OF 
 1 Willie Mitchell          Nate Guenin              60     2   3  0  
 2 Dmitry Kulikov           Marc Methot              40     2   3  0  

Penalty Kill - 3 Players Forward 
   Forward                                           Time % Phy DF OF 
 1 Nathan Davis                                      60     1   4  0  
 2 Milan Bartovic                                    40     1   4  0  

Penalty Kill - 3 Players Defense
   Defense                  Defense                  Time % Phy DF OF 
 1 Willie Mitchell          Nate Guenin              60     2   3  0  
 2 Bruno Gervais            Jonas Junland            40     2   3  0  

4 vs 4 Forward 
   Center                   Wing                     Time % Phy DF OF 
 1 Mike Zigomanis           Nathan Davis             60     1   1  3  
 2 Milan Bartovic           Dan Fritsche             40     1   1  3  

4 vs 4 Defense
   Defense                  Defense                  Time % Phy DF OF 
 1 Willie Mitchell          Nate Guenin              60     1   3  1  
 2 Bruno Gervais            Marc Methot              40     1   3  1  

Last Minutes Offensive
   Center                   Left Wing                Right Wing               Defense                  Defense                  
   Dan Fritsche             Mike Sislo               Mike Zigomanis           Dmitry Kulikov           Bruno Gervais            

Last Minutes Defensive
   Center                   Left Wing                Right Wing               Defense                  Defense                  
   Milan Bartovic           Mike Sislo               Tim Crowder              Willie Mitchell          Nate Guenin              

Goaltenders
Starting : Jamie Storr              
Backup : Loïc Lacasse             

Extra Forwards
Normal : Mike Zigomanis, Dan Fritsche, Mike Sislo - PP : Mike Zigomanis, Dan Fritsche - PK : Tim Crowder
Extra Defensemen
Normal : Dmitry Kulikov, Bruno Gervais, Marc Methot - PP : Dmitry Kulikov - PK : Willie Mitchell, Nate Guenin
Penalty Shots
Mike Zigomanis, Mike Sislo, Milan Bartovic, Dan Fritsche, Nathan Davis

Knights

5 vs 5 Forward 
   Center                   Left Wing                Right Wing               Time % Phy DF OF 
 1 Zack Hamill              Mats Zuccarello          Chris Thorburn           39     1   2  2  
 2 Joe Colborne             Kyle Greentree           Alex Chiasson            28     1   2  2  
 3 James Wright             Michael Raffl            Gustav Nyquist           24     1   2  2  
 4 Danny Irmen              A.J. Jenks               Carter Ashton            9      2   1  2  

5 vs 5 Defense 
   Defense                  Defense                                           Time % Phy DF OF 
 1 Garnet Exelby            Eric Gelinas                                      40     2   2  1  
 2 Nicklas Grossman         Marco Scandella                                   30     2   2  1  
 3 Nikita Nikitin           Tomas Kundratek                                   20     2   2  1  
 4 Nicklas Grossman         Eric Gelinas                                      10     1   3  1  

PowerPlay Forward 
   Center                   Left Wing                Right Wing               Time % Phy DF OF 
 1 Zack Hamill              Mats Zuccarello          Chris Thorburn           60     1   1  3  
 2 James Wright             Kyle Greentree           Alex Chiasson            40     1   1  3  

PowerPlay Defense
   Defense                  Defense                                           Time % Phy DF OF 
 1 Eric Gelinas             Marco Scandella                                   60     1   1  3  
 2 Garnet Exelby            Tomas Kundratek                                   40     1   1  3  

Penalty Kill 4 Players Forward 
   Center                   Wing                     Time % Phy DF OF 
 1 James Wright             Kyle Greentree           60     1   3  1  
 2 Gustav Nyquist           Danny Irmen              40     1   3  1  

Penalty Kill 4 Players Defense
   Defense                  Defense                  Time % Phy DF OF 
 1 Garnet Exelby            Marco Scandella          60     1   2  2  
 2 Eric Gelinas             Tomas Kundratek          40     1   3  1  

Penalty Kill - 3 Players Forward 
   Forward                                           Time % Phy DF OF 
 1 Gustav Nyquist                                    60     0   4  1  
 2 Kyle Greentree                                    40     0   4  1  

Penalty Kill - 3 Players Defense
   Defense                  Defense                  Time % Phy DF OF 
 1 Garnet Exelby            Marco Scandella          60     1   4  0  
 2 Eric Gelinas             Tomas Kundratek          40     1   4  0  

4 vs 4 Forward 
   Center                   Wing                     Time % Phy DF OF 
 1 Zack Hamill              Chris Thorburn           60     1   2  2  
 2 Gustav Nyquist           Mats Zuccarello          40     1   2  2  

4 vs 4 Defense
   Defense                  Defense                  Time % Phy DF OF 
 1 Garnet Exelby            Eric Gelinas             60     1   2  2  
 2 Tomas Kundratek          Marco Scandella          40     1   2  2  

Last Minutes Offensive
   Center                   Left Wing                Right Wing               Defense                  Defense                  
   Zack Hamill              Mats Zuccarello          Chris Thorburn           Garnet Exelby            Marco Scandella          

Last Minutes Defensive
   Center                   Left Wing                Right Wing               Defense                  Defense                  
   James Wright             Kyle Greentree           Chris Thorburn           Garnet Exelby            Eric Gelinas             

Goaltenders
Starting : Dany Sabourin            
Backup : Jean-Francois Berube     

Extra Forwards
Normal : Kyle Greentree, Zack Hamill, Gustav Nyquist - PP : Kyle Greentree, Gustav Nyquist - PK : Gustav Nyquist
Extra Defensemen
Normal : Marco Scandella, Eric Gelinas, Tomas Kundratek - PP : Marco Scandella - PK : Eric Gelinas, Tomas Kundratek
Penalty Shots
Chris Thorburn, Gustav Nyquist, Zack Hamill, James Wright, Kyle Greentree

% Time on Ice - Wolves

Lines # - Real PCT - Wanted PCT - Time Play
Normal Forward
1 - 37% - 40% - 15:07
2 - 26% - 30% - 10:47
3 - 22% - 20% - 9:10
4 - 15% - 10% - 5:58
Normal Defense
1 - 38% - 40% - 15:26
2 - 35% - 30% - 14:22
3 - 21% - 20% - 8:38
4 - 6% - 10% - 2:36
PP Forward
1 - 61% - 60% - 5:15
2 - 39% - 40% - 3:24
PP Defense
1 - 59% - 60% - 5:06
2 - 41% - 40% - 3:33
PK Forward
1 - 72% - 60% - 7:27
2 - 28% - 40% - 2:52
PK Defense
1 - 60% - 60% - 6:12
2 - 40% - 40% - 4:07
PK3 Forward
1 - 0% - 60%
2 - 0% - 40%
PK3 Defense
1 - 0% - 60%
2 - 0% - 40%
44 Forward
1 - 81% - 60% - 4:03
2 - 19% - 40% - 0:57
44 Defense
1 - 51% - 60% - 2:34
2 - 49% - 40% - 2:26
Last Minute Offensive  - 0:00
Last Minute Defensive  - 0:00
Total
Forward - 65:00
Defense - 65:00

% Time on Ice - Knights

Lines # - Real PCT - Wanted PCT - Time Play
Normal Forward
1 - 34% - 39% - 14:01
2 - 27% - 28% - 11:15
3 - 23% - 24% - 9:31
4 - 15% - 9% - 6:15
Normal Defense
1 - 39% - 40% - 16:00
2 - 30% - 30% - 12:10
3 - 24% - 20% - 10:01
4 - 7% - 10% - 2:51
PP Forward
1 - 58% - 60% - 5:58
2 - 42% - 40% - 4:21
PP Defense
1 - 62% - 60% - 6:23
2 - 38% - 40% - 3:56
PK Forward
1 - 81% - 60% - 6:59
2 - 19% - 40% - 1:40
PK Defense
1 - 68% - 60% - 5:53
2 - 32% - 40% - 2:46
PK3 Forward
1 - 71% - 60% - 0:54
2 - 29% - 40% - 0:22
PK3 Defense
1 - 100% - 60% - 1:16
2 - 0% - 40% - 0:00
44 Forward
1 - 89% - 60% - 3:19
2 - 11% - 40% - 0:25
44 Defense
1 - 66% - 60% - 2:28
2 - 34% - 40% - 1:16
Last Minute Offensive  - 0:00
Last Minute Defensive  - 0:00
Total
Forward - 65:00
Defense - 65:00

Play by Play

1st period


0:01 of 1st period - Zack Hamill wins face-off versus Mike Zigomanis in neutral zone.
0:24 of 1st period - Mats Zuccarello is hit by Mike Sislo and loses puck.
0:53 of 1st period - Dmitry Kulikov is hit by Mats Zuccarello and loses puck.
1:25 of 1st period - Slapshot by Mike Sislo.
1:25 of 1st period - Stopped by Dany Sabourin with a rebound.
1:27 of 1st period - Snap shot by Mike Sislo.
1:27 of 1st period - Shot Blocked by Chris Thorburn.
1:37 of 1st period - Bruno Gervais is hit by Chris Thorburn and loses puck.
1:55 of 1st period - Snap shot by Mike Sislo.
1:55 of 1st period - Stopped by Dany Sabourin with a rebound.
2:13 of 1st period - Wrist shot by Mike Sislo.
2:13 of 1st period - Shot Blocked by Garnet Exelby.
2:15 of 1st period - Snap shot by Bruno Gervais.
2:15 of 1st period - Shot Blocked by Zack Hamill.
2:31 of 1st period - Slapshot by Mike Zigomanis.
2:31 of 1st period - Deflect By Mats Zuccarello.
2:31 of 1st period - Stopped by Dany Sabourin with a rebound.
2:33 of 1st period - Snap shot by Bruno Gervais.
2:33 of 1st period - Deflect By Mike Zigomanis.
2:33 of 1st period - Goal by Mike Zigomanis - Wolves : 1 - Knights : 0.
2:34 of 1st period - Joe Colborne wins face-off versus Dan Fritsche in neutral zone.
2:37 of 1st period - Wrist shot by Dan Fritsche.
2:37 of 1st period - Stopped by Dany Sabourin with a rebound.
2:39 of 1st period - Slapshot by Marc Methot.
2:39 of 1st period - Shot Misses the Net.
2:41 of 1st period - Wrist shot by Milan Bartovic.
2:41 of 1st period - Shot Misses the Net.
3:03 of 1st period - Icing by Willie Mitchell.
3:04 of 1st period - James Wright wins face-off versus Nathan Davis in Wolves zone.
3:14 of 1st period - Off-side.
3:15 of 1st period - Joe Colborne wins face-off versus Dan Fritsche in neutral zone.
3:22 of 1st period - Snap shot by Joe Colborne.
3:22 of 1st period - Stopped by Jamie Storr with a rebound.
3:41 of 1st period - Kyle Greentree is hit by Chris Terry and loses puck.
3:48 of 1st period - Slapshot by Jonas Junland.
3:48 of 1st period - Deflect By Kevin Veilleux.
3:48 of 1st period - Shot Misses the Net.
3:48 of 1st period - Puck is out of play.
3:49 of 1st period - Nathan Davis wins face-off versus James Wright in Knights zone.
3:56 of 1st period - Snap shot by Tim Crowder.
3:56 of 1st period - Shot Misses the Net.
4:01 of 1st period - Off-side.
4:02 of 1st period - James Wright wins face-off versus Dan Fritsche in neutral zone.
4:07 of 1st period - Snap shot by James Wright.
4:07 of 1st period - Goal by James Wright - Wolves : 1 - Knights : 1.
4:08 of 1st period - Danny Irmen wins face-off versus Geoff Paukovich in neutral zone.
4:16 of 1st period - Minor Penalty to Geoff Paukovich for Holding.
4:17 of 1st period - Zack Hamill wins face-off versus Nathan Davis in Wolves zone.
4:19 of 1st period - Wrist shot by Chris Thorburn.
4:19 of 1st period - Shot Misses the Net.
4:47 of 1st period - Nate Guenin is hit by James Wright and loses puck.
6:16 of 1st period - Penalty to Geoff Paukovich is over, Geoff Paukovich is back on ice.
7:04 of 1st period - Dmitry Kulikov is hit by James Wright and loses puck.
7:50 of 1st period - Nicklas Grossman is hit by Chris Terry.
8:19 of 1st period - Slapshot by Mike Sislo.
8:19 of 1st period - Shot Misses the Net.
9:00 of 1st period - Nikita Nikitin is hit by Mike Sislo and loses puck.
9:11 of 1st period - Snap shot by Nathan Davis.
9:11 of 1st period - Stopped by Dany Sabourin without a rebound.
9:12 of 1st period - Zack Hamill wins face-off versus Nathan Davis in Knights zone.
9:25 of 1st period - Chris Thorburn is hit by Nate Guenin and loses puck.
10:15 of 1st period - Slapshot by Bruno Gervais.
10:15 of 1st period - Shot Misses the Net.
10:52 of 1st period - Off-side.
10:53 of 1st period - Dan Fritsche wins face-off versus Danny Irmen in neutral zone.
10:56 of 1st period - Garnet Exelby is hit by Jonas Junland and loses puck.
11:01 of 1st period - Slapshot by Dan Fritsche.
11:01 of 1st period - Shot Misses the Net.
11:03 of 1st period - Wrist shot by Milan Bartovic.
11:03 of 1st period - Shot Misses the Net.
11:05 of 1st period - Slapshot by Nate Guenin.
11:05 of 1st period - Shot Misses the Net.
11:07 of 1st period - Slapshot by Jonas Junland.
11:07 of 1st period - Stopped by Dany Sabourin with a rebound.
11:09 of 1st period - Wrist shot by Nate Guenin.
11:09 of 1st period - Stopped by Dany Sabourin without a rebound.
11:10 of 1st period - Mike Zigomanis wins face-off versus Joe Colborne in Knights zone.
11:23 of 1st period - Slapshot by Mike Sislo.
11:23 of 1st period - Deflect By Mike Zigomanis.
11:23 of 1st period - Goal by Mike Zigomanis - Wolves : 2 - Knights : 1.
11:24 of 1st period - Joe Colborne wins face-off versus Dan Fritsche in neutral zone.
12:09 of 1st period - Slapshot by Danny Irmen.
12:09 of 1st period - Stopped by Jamie Storr with a rebound.
12:11 of 1st period - Slapshot by Eric Gelinas.
12:11 of 1st period - Stopped by Jamie Storr with a rebound.
12:19 of 1st period - Slapshot by Garnet Exelby.
12:19 of 1st period - Shot Blocked by Dmitry Kulikov.
12:51 of 1st period - Snap shot by Carl Klingberg.
12:51 of 1st period - Stopped by Dany Sabourin with a rebound.
12:53 of 1st period - Snap shot by Nathan Davis.
12:53 of 1st period - Shot Misses the Net.
12:55 of 1st period - Snap shot by Carl Klingberg.
12:55 of 1st period - Deflect By Mats Zuccarello.
12:55 of 1st period - Stopped by Dany Sabourin with a rebound.
13:19 of 1st period - Wrist shot by Michael Raffl.
13:19 of 1st period - Shot Misses the Net.
13:43 of 1st period - Wrist shot by Dan Fritsche.
13:43 of 1st period - Stopped by Dany Sabourin without a rebound.
13:44 of 1st period - Dan Fritsche wins face-off versus Zack Hamill in Knights zone.
13:57 of 1st period - Wrist shot by Zack Hamill.
13:57 of 1st period - Stopped by Jamie Storr with a rebound.
13:59 of 1st period - Wrist shot by Chris Thorburn.
13:59 of 1st period - Stopped by Jamie Storr without a rebound.
14:00 of 1st period - Mike Zigomanis wins face-off versus Joe Colborne in Wolves zone.
14:02 of 1st period - Minor Penalty to James Marcou for Interference.
14:03 of 1st period - Zack Hamill wins face-off versus Nathan Davis in Wolves zone.
14:13 of 1st period - Snap shot by Chris Thorburn.
14:13 of 1st period - Shot Misses the Net.
14:15 of 1st period - Snap shot by Eric Gelinas.
14:15 of 1st period - Goal by Eric Gelinas - Wolves : 2 - Knights : 2.
14:16 of 1st period - Zack Hamill wins face-off versus Mike Zigomanis in neutral zone.
15:05 of 1st period - Willie Mitchell is hit by Michael Raffl and loses puck.
15:12 of 1st period - Slapshot by Marc Methot.
15:12 of 1st period - Shot Blocked by Eric Gelinas.
15:30 of 1st period - Snap shot by A.J. Jenks.
15:30 of 1st period - Deflect By Danny Irmen.
15:30 of 1st period - Stopped by Jamie Storr with a rebound.
16:30 of 1st period - Snap shot by James Wright.
16:30 of 1st period - Stopped by Jamie Storr with a rebound.
16:48 of 1st period - Mike Zigomanis is hit by Zack Hamill and loses puck.
17:13 of 1st period - Snap shot by Marco Scandella.
17:13 of 1st period - Stopped by Jamie Storr with a rebound.
17:15 of 1st period - Snap shot by A.J. Jenks.
17:15 of 1st period - Deflect By Danny Irmen.
17:15 of 1st period - Stopped by Jamie Storr with a rebound.
17:17 of 1st period - Slapshot by Nicklas Grossman.
17:17 of 1st period - Shot Misses the Net.
17:51 of 1st period - Off-side.
17:52 of 1st period - Nathan Davis wins face-off versus James Wright in neutral zone.
17:57 of 1st period - Snap shot by Tim Crowder.
17:57 of 1st period - Shot Misses the Net.
18:20 of 1st period - Slapshot by Gustav Nyquist.
18:20 of 1st period - Stopped by Jamie Storr with a rebound.
18:22 of 1st period - Wrist shot by Gustav Nyquist.
18:22 of 1st period - Goal by Gustav Nyquist - Wolves : 2 - Knights : 3.
18:23 of 1st period - Mike Sislo wins face-off versus Zack Hamill in neutral zone.
18:53 of 1st period - Geoff Paukovich is hit by Joe Colborne and loses puck.
19:14 of 1st period - Slapshot by Jonathan Rheault.
19:14 of 1st period - Goal by Jonathan Rheault - Wolves : 3 - Knights : 3.
19:15 of 1st period - Zack Hamill wins face-off versus Mike Zigomanis in neutral zone.
19:24 of 1st period - Slapshot by Mats Zuccarello.
19:24 of 1st period - Stopped by Jamie Storr without a rebound.
19:25 of 1st period - Mike Zigomanis wins face-off versus Zack Hamill in Wolves zone.
19:30 of 1st period - Wrist shot by Mike Zigomanis.
19:30 of 1st period - Shot Blocked by Chris Thorburn.
19:32 of 1st period - Wrist shot by Mike Sislo.
19:32 of 1st period - Deflect By Mike Zigomanis.
19:32 of 1st period - Goal by Mike Zigomanis - Wolves : 4 - Knights : 3.
19:33 of 1st period - Zack Hamill wins face-off versus Mike Zigomanis in neutral zone.
19:58 of 1st period - Bruno Gervais is hit by Gustav Nyquist and loses puck.
Goals for this period are 4 for Wolves vs 3 for Knights.
Shots for this period are 14 for Wolves vs 14 for Knights.

2nd period


0:01 of 2nd period - Zack Hamill wins face-off versus Mike Zigomanis in neutral zone.
0:54 of 2nd period - Wrist shot by Gustav Nyquist.
0:54 of 2nd period - Shot Blocked by Tim Crowder.
0:56 of 2nd period - Wrist shot by Gustav Nyquist.
0:56 of 2nd period - Knights goal is going for a video replay.
0:56 of 2nd period - The goal is refused. The puck has been kicked using a distinct kicking motion..
0:57 of 2nd period - Zack Hamill wins face-off versus Mike Zigomanis in Wolves zone.
1:00 of 2nd period - Wrist shot by Zack Hamill.
1:00 of 2nd period - Stopped by Jamie Storr without a rebound.
1:01 of 2nd period - Zack Hamill wins face-off versus Mike Sislo in Wolves zone.
1:02 of 2nd period - Slapshot by Chris Thorburn.
1:02 of 2nd period - Stopped by Jamie Storr without a rebound.
1:03 of 2nd period - Mike Zigomanis wins face-off versus Zack Hamill in Wolves zone.
1:12 of 2nd period - Snap shot by Chris Thorburn.
1:12 of 2nd period - Shot Misses the Net.
1:16 of 2nd period - Wrist shot by Zack Hamill.
1:16 of 2nd period - Stopped by Jamie Storr without a rebound.
1:17 of 2nd period - Milan Bartovic wins face-off versus Joe Colborne in Wolves zone.
1:17 of 2nd period - Milan Bartovic is hit by Garnet Exelby.
1:33 of 2nd period - Snap shot by Joe Colborne.
1:33 of 2nd period - Deflect By Alex Chiasson.
1:33 of 2nd period - Stopped by Jamie Storr with a rebound.
1:43 of 2nd period - Mike Zigomanis is hit by Garnet Exelby and loses puck.
2:49 of 2nd period - Slapshot by Willie Mitchell.
2:49 of 2nd period - Deflect By Dan Fritsche.
2:49 of 2nd period - Shot Blocked by Garnet Exelby.
2:49 of 2nd period - Puck is out of play.
2:50 of 2nd period - Mike Zigomanis wins face-off versus Zack Hamill in Knights zone.
3:47 of 2nd period - Wrist shot by Nathan Davis.
3:47 of 2nd period - Shot Blocked by Alex Chiasson.
4:10 of 2nd period - Off-side.
4:11 of 2nd period - Mike Zigomanis wins face-off versus Zack Hamill in neutral zone.
4:14 of 2nd period - Slapshot by Willie Mitchell.
4:14 of 2nd period - Shot Hit the Post.
4:16 of 2nd period - Snap shot by Mike Sislo.
4:16 of 2nd period - Stopped by Dany Sabourin with a rebound.
4:18 of 2nd period - Slapshot by Willie Mitchell.
4:18 of 2nd period - Shot Misses the Net.
4:20 of 2nd period - Snap shot by Willie Mitchell.
4:20 of 2nd period - Shot Blocked by Zack Hamill.
4:22 of 2nd period - Slapshot by Willie Mitchell.
4:22 of 2nd period - Shot Misses the Net.
4:24 of 2nd period - Slapshot by Marc Methot.
4:24 of 2nd period - Stopped by Dany Sabourin without a rebound.
4:25 of 2nd period - James Wright wins face-off versus Dan Fritsche in Knights zone.
4:25 of 2nd period - Nicklas Grossman is hit by Geoff Paukovich and loses puck.
4:37 of 2nd period - Minor Penalty to Marco Scandella for High sticking.
4:38 of 2nd period - Mike Zigomanis wins face-off versus James Wright in Knights zone.
5:06 of 2nd period - Mike Sislo is hit by James Wright and loses puck.
5:33 of 2nd period - Wrist shot by Dan Fritsche.
5:33 of 2nd period - Shot Blocked by Gustav Nyquist.
5:37 of 2nd period - Slapshot by Dmitry Kulikov.
5:37 of 2nd period - Shot Blocked by Garnet Exelby.
6:13 of 2nd period - Danny Irmen is hit by Nate Guenin and loses puck.
6:37 of 2nd period - Penalty to Marco Scandella is over, Marco Scandella is back on ice.
6:46 of 2nd period - Snap shot by Jonathan Rheault.
6:46 of 2nd period - Stopped by Dany Sabourin without a rebound.
6:47 of 2nd period - Zack Hamill wins face-off versus Jonathan Rheault in Knights zone.
6:47 of 2nd period - Minor Penalty to Nikita Nikitin for Hooking.
6:48 of 2nd period - James Wright wins face-off versus Mike Zigomanis in Knights zone.
6:48 of 2nd period - James Wright is hit by Milan Bartovic.
7:02 of 2nd period - Snap shot by Mike Zigomanis.
7:02 of 2nd period - Shot Misses the Net.
8:47 of 2nd period - Penalty to Nikita Nikitin is over, Nikita Nikitin is back on ice.
9:00 of 2nd period - Eric Gelinas is hit by Jonathan Rheault and loses puck.
9:15 of 2nd period - Carl Klingberg is hit by Tomas Kundratek and loses puck.
9:20 of 2nd period - Slapshot by Nicklas Grossman.
9:20 of 2nd period - Shot Misses the Net.
9:30 of 2nd period - Nathan Davis is hit by Kyle Greentree and loses puck.
9:43 of 2nd period - Wrist shot by Marc Methot.
9:43 of 2nd period - Stopped by Dany Sabourin without a rebound.
9:44 of 2nd period - Zack Hamill wins face-off versus Mike Zigomanis in Knights zone.
10:03 of 2nd period - Minor Penalty to Mike Sislo for Tripping.
10:04 of 2nd period - Zack Hamill wins face-off versus Nathan Davis in Wolves zone.
10:09 of 2nd period - Snap shot by Chris Thorburn.
10:09 of 2nd period - Deflect By Mats Zuccarello.
10:09 of 2nd period - Shot Blocked by Nathan Davis.
10:09 of 2nd period - Puck is out of play.
10:10 of 2nd period - Nathan Davis wins face-off versus Zack Hamill in Wolves zone.
10:21 of 2nd period - Slapshot by Willie Mitchell.
10:21 of 2nd period - Deflect By Zack Hamill.
10:21 of 2nd period - Stopped by Dany Sabourin with a rebound.
10:41 of 2nd period - Alex Chiasson is hit by Nathan Davis and loses puck.
12:03 of 2nd period - Penalty to Mike Sislo is over, Mike Sislo is back on ice.
12:22 of 2nd period - Eric Gelinas is hit by James Marcou and loses puck.
12:32 of 2nd period - Icing by Danny Irmen.
12:33 of 2nd period - James Wright wins face-off versus Dan Fritsche in Knights zone.
12:38 of 2nd period - Slapshot by Marco Scandella.
12:38 of 2nd period - Shot Misses the Net.
12:40 of 2nd period - Snap shot by Gustav Nyquist.
12:40 of 2nd period - Stopped by Jamie Storr without a rebound.
12:41 of 2nd period - Mike Zigomanis wins face-off versus Joe Colborne in Wolves zone.
12:41 of 2nd period - Mike Zigomanis is hit by Joe Colborne.
12:55 of 2nd period - Wrist shot by Mike Zigomanis.
12:55 of 2nd period - Stopped by Dany Sabourin with a rebound.
12:57 of 2nd period - Snap shot by Mike Sislo.
12:57 of 2nd period - Stopped by Dany Sabourin with a rebound.
13:32 of 2nd period - Slapshot by James Wright.
13:32 of 2nd period - Stopped by Jamie Storr with a rebound.
13:34 of 2nd period - Slapshot by Gustav Nyquist.
13:34 of 2nd period - Stopped by Jamie Storr with a rebound.
13:36 of 2nd period - Wrist shot by Michael Raffl.
13:36 of 2nd period - Stopped by Jamie Storr without a rebound.
13:37 of 2nd period - Mike Zigomanis wins face-off versus Joe Colborne in Wolves zone.
13:48 of 2nd period - Slapshot by Alex Chiasson.
13:48 of 2nd period - Stopped by Jamie Storr with a rebound.
13:50 of 2nd period - Snap shot by Kyle Greentree.
13:50 of 2nd period - Stopped by Jamie Storr without a rebound.
13:51 of 2nd period - Dan Fritsche wins face-off versus Zack Hamill in Wolves zone.
13:56 of 2nd period - Garnet Exelby is hit by Dmitry Kulikov and loses puck.
14:48 of 2nd period - Wrist shot by Jonathan Rheault.
14:48 of 2nd period - Shot Blocked by Eric Gelinas.
14:58 of 2nd period - Garnet Exelby is hit by Carl Klingberg.
15:06 of 2nd period - Slapshot by Alex Chiasson.
15:06 of 2nd period - Shot Misses the Net.
15:25 of 2nd period - Snap shot by Milan Bartovic.
15:25 of 2nd period - Stopped by Dany Sabourin without a rebound.
15:26 of 2nd period - Dan Fritsche wins face-off versus Zack Hamill in Knights zone.
15:37 of 2nd period - Snap shot by Mats Zuccarello.
15:37 of 2nd period - Shot Misses the Net.
16:17 of 2nd period - Snap shot by Nathan Davis.
16:17 of 2nd period - Stopped by Dany Sabourin with a rebound.
16:33 of 2nd period - Slapshot by Dmitry Kulikov.
16:33 of 2nd period - Stopped by Dany Sabourin without a rebound.
16:34 of 2nd period - Kevin Veilleux wins face-off versus Danny Irmen in Knights zone.
17:00 of 2nd period - Mike Sislo is hit by Chris Thorburn and loses puck.
17:11 of 2nd period - Willie Mitchell is hit by Marco Scandella and loses puck.
17:22 of 2nd period - Snap shot by Joe Colborne.
17:22 of 2nd period - Shot Blocked by Mike Sislo.
17:40 of 2nd period - Slapshot by Mike Sislo.
17:40 of 2nd period - Stopped by Dany Sabourin with a rebound.
18:02 of 2nd period - Snap shot by Dan Fritsche.
18:02 of 2nd period - Stopped by Dany Sabourin with a rebound.
18:06 of 2nd period - Snap shot by Milan Bartovic.
18:06 of 2nd period - Shot Blocked by Nikita Nikitin.
18:08 of 2nd period - Slapshot by Willie Mitchell.
18:08 of 2nd period - Stopped by Dany Sabourin without a rebound.
18:09 of 2nd period - Dan Fritsche wins face-off versus Zack Hamill in Knights zone.
18:10 of 2nd period - Wrist shot by Milan Bartovic.
18:10 of 2nd period - Stopped by Dany Sabourin without a rebound.
18:11 of 2nd period - Dan Fritsche wins face-off versus Zack Hamill in Knights zone.
18:21 of 2nd period - Minor Penalty to Geoff Paukovich for Hooking.
18:22 of 2nd period - Zack Hamill wins face-off versus Nathan Davis in Wolves zone.
19:17 of 2nd period - Tim Crowder is hit by Kyle Greentree and loses puck.
19:50 of 2nd period - Zack Hamill is hit by Milan Bartovic and loses puck.
Goals for this period are 0 for Wolves vs 0 for Knights.
Shots for this period are 14 for Wolves vs 11 for Knights.

3rd period


0:01 of 3rd period - Nathan Davis wins face-off versus Zack Hamill in neutral zone.
0:21 of 3rd period - Penalty to Geoff Paukovich is over, Geoff Paukovich is back on ice.
0:33 of 3rd period - Marco Scandella is hit by Mike Sislo and loses puck.
0:50 of 3rd period - Snap shot by Dan Fritsche.
0:50 of 3rd period - Stopped by Dany Sabourin with a rebound.
0:52 of 3rd period - Snap shot by Geoff Paukovich.
0:52 of 3rd period - Stopped by Dany Sabourin with a rebound.
0:54 of 3rd period - Backhand shot by Geoff Paukovich.
0:54 of 3rd period - Stopped by Dany Sabourin without a rebound.
0:55 of 3rd period - Dan Fritsche wins face-off versus Zack Hamill in Knights zone.
1:06 of 3rd period - Snap shot by Dan Fritsche.
1:06 of 3rd period - Shot Misses the Net.
1:08 of 3rd period - Slapshot by Geoff Paukovich.
1:08 of 3rd period - Stopped by Dany Sabourin with a rebound.
1:10 of 3rd period - Slapshot by Dan Fritsche.
1:10 of 3rd period - Stopped by Dany Sabourin with a rebound.
1:12 of 3rd period - Snap shot by Jonas Junland.
1:12 of 3rd period - Stopped by Dany Sabourin without a rebound.
1:13 of 3rd period - Gustav Nyquist wins face-off versus Mike Zigomanis in Knights zone.
1:20 of 3rd period - Snap shot by Gustav Nyquist.
1:20 of 3rd period - Stopped by Jamie Storr with a rebound.
1:22 of 3rd period - Slapshot by Nicklas Grossman.
1:22 of 3rd period - Deflect By Michael Raffl.
1:22 of 3rd period - Shot Misses the Net.
1:22 of 3rd period - Puck is out of play.
1:23 of 3rd period - Mike Zigomanis wins face-off versus James Wright in Wolves zone.
1:40 of 3rd period - Snap shot by Gustav Nyquist.
1:40 of 3rd period - Stopped by Jamie Storr with a rebound.
1:59 of 3rd period - Minor Penalty to Mike Zigomanis for Holding.
2:00 of 3rd period - Zack Hamill wins face-off versus Nathan Davis in Wolves zone.
2:00 of 3rd period - Wrist shot by Chris Thorburn.
2:00 of 3rd period - Shot Misses the Net.
2:02 of 3rd period - Snap shot by Mats Zuccarello.
2:02 of 3rd period - Shot Blocked by Jonathan Rheault.
2:04 of 3rd period - Snap shot by Chris Thorburn.
2:04 of 3rd period - Shot Misses the Net.
2:06 of 3rd period - Slapshot by Eric Gelinas.
2:06 of 3rd period - Shot Misses the Net.
2:08 of 3rd period - Snap shot by Chris Thorburn.
2:08 of 3rd period - Shot Blocked by Willie Mitchell.
2:10 of 3rd period - Wrist shot by Chris Thorburn.
2:10 of 3rd period - Deflect By Mats Zuccarello.
2:10 of 3rd period - Goal by Mats Zuccarello - Wolves : 4 - Knights : 4.
2:11 of 3rd period - Zack Hamill wins face-off versus Dan Fritsche in neutral zone.
2:11 of 3rd period - Zack Hamill is hit by Milan Bartovic.
2:14 of 3rd period - Minor Penalty to Garnet Exelby for Roughing.
2:15 of 3rd period - Mike Zigomanis wins face-off versus James Wright in Knights zone.
2:56 of 3rd period - James Wright is hit by Dan Fritsche and loses puck.
3:09 of 3rd period - Icing by Nate Guenin.
3:10 of 3rd period - Mike Zigomanis wins face-off versus Gustav Nyquist in Wolves zone.
3:34 of 3rd period - James Wright is hit by Milan Bartovic and loses puck.
3:55 of 3rd period - Snap shot by Milan Bartovic.
3:55 of 3rd period - Shot Misses the Net.
4:14 of 3rd period - Penalty to Garnet Exelby is over, Garnet Exelby is back on ice.
4:26 of 3rd period - Wrist shot by Kyle Greentree.
4:26 of 3rd period - Goal by Kyle Greentree - Wolves : 4 - Knights : 5.
4:27 of 3rd period - Zack Hamill wins face-off versus Nathan Davis in neutral zone.
4:37 of 3rd period - Minor Penalty to Dmitry Kulikov for Holding.
4:38 of 3rd period - Zack Hamill wins face-off versus Nathan Davis in Wolves zone.
6:01 of 3rd period - Bruno Gervais is hit by Eric Gelinas.
6:22 of 3rd period - Icing by Chris Thorburn.
6:23 of 3rd period - Zack Hamill wins face-off versus Tim Crowder in Knights zone.
6:37 of 3rd period - Penalty to Dmitry Kulikov is over, Dmitry Kulikov is back on ice.
6:55 of 3rd period - Bruno Gervais is hit by Tomas Kundratek and loses puck.
7:02 of 3rd period - Snap shot by Danny Irmen.
7:02 of 3rd period - Shot Misses the Net.
8:01 of 3rd period - Wrist shot by Danny Irmen.
8:01 of 3rd period - Stopped by Jamie Storr with a rebound.
8:03 of 3rd period - Slapshot by Nicklas Grossman.
8:03 of 3rd period - Stopped by Jamie Storr without a rebound.
8:04 of 3rd period - Danny Irmen wins face-off versus Nathan Davis in Wolves zone.
8:05 of 3rd period - Snap shot by A.J. Jenks.
8:05 of 3rd period - Stopped by Jamie Storr with a rebound.
8:07 of 3rd period - Slapshot by A.J. Jenks.
8:07 of 3rd period - Stopped by Jamie Storr without a rebound.
8:08 of 3rd period - Dan Fritsche wins face-off versus Zack Hamill in Wolves zone.
8:50 of 3rd period - Minor Penalty to Marc Methot for Interference.
8:51 of 3rd period - Nathan Davis wins face-off versus Zack Hamill in Wolves zone.
10:50 of 3rd period - Penalty to Marc Methot is over, Marc Methot is back on ice.
11:03 of 3rd period - Dmitry Kulikov is hit by Carter Ashton and loses puck.
11:20 of 3rd period - Milan Bartovic is hit by Michael Raffl and loses puck.
12:09 of 3rd period - Tim Crowder is hit by Garnet Exelby.
12:19 of 3rd period - Slapshot by Nate Guenin.
12:19 of 3rd period - Shot Misses the Net.
12:21 of 3rd period - Wrist shot by Geoff Paukovich.
12:21 of 3rd period - Goal by Geoff Paukovich - Wolves : 5 - Knights : 5.
12:22 of 3rd period - Mike Zigomanis wins face-off versus Zack Hamill in neutral zone.
12:51 of 3rd period - Minor Penalty to Joe Colborne for Hooking.
12:52 of 3rd period - Mike Zigomanis wins face-off versus James Wright in Knights zone.
14:51 of 3rd period - Penalty to Joe Colborne is over, Joe Colborne is back on ice.
14:58 of 3rd period - Jonas Junland is hit by Eric Gelinas and loses puck.
15:45 of 3rd period - Wrist shot by Mike Zigomanis.
15:45 of 3rd period - Shot Misses the Net.
16:13 of 3rd period - Wrist shot by Jonathan Rheault.
16:13 of 3rd period - Deflect By Marco Scandella.
16:13 of 3rd period - Stopped by Dany Sabourin with a rebound.
16:17 of 3rd period - Slapshot by Jonathan Rheault.
16:17 of 3rd period - Stopped by Dany Sabourin with a rebound.
16:27 of 3rd period - Kyle Greentree is hit by Jonathan Rheault and loses puck.
16:28 of 3rd period - Kyle Greentree from Knights is injured at 16:28 of 3rd period (Torn Left MCL).
16:29 of 3rd period - James Wright wins face-off versus Nathan Davis in Knights zone.
16:44 of 3rd period - Garnet Exelby is hit by Carl Klingberg and loses puck.
16:55 of 3rd period - Gustav Nyquist is hit by Kevin Veilleux and loses puck.
17:04 of 3rd period - Slapshot by Jonathan Rheault.
17:04 of 3rd period - Stopped by Dany Sabourin without a rebound.
17:05 of 3rd period - Zack Hamill wins face-off versus Mike Zigomanis in Knights zone.
17:18 of 3rd period - Snap shot by Mike Zigomanis.
17:18 of 3rd period - Shot Misses the Net.
17:20 of 3rd period - Slapshot by Willie Mitchell.
17:20 of 3rd period - Deflect By Mike Zigomanis.
17:20 of 3rd period - Stopped by Dany Sabourin with a rebound.
18:02 of 3rd period - Wrist shot by A.J. Jenks.
18:02 of 3rd period - Stopped by Jamie Storr without a rebound.
18:03 of 3rd period - Danny Irmen wins face-off versus Kevin Veilleux in Wolves zone.
18:04 of 3rd period - Snap shot by A.J. Jenks.
18:04 of 3rd period - Shot Misses the Net.
18:07 of 3rd period - Icing by Bruno Gervais.
18:08 of 3rd period - Kevin Veilleux wins face-off versus James Wright in Wolves zone.
18:08 of 3rd period - Kevin Veilleux is hit by James Wright.
18:14 of 3rd period - Slapshot by Bruno Gervais.
18:14 of 3rd period - Shot Misses the Net.
18:16 of 3rd period - Wrist shot by Chris Terry.
18:16 of 3rd period - Stopped by Dany Sabourin without a rebound.
18:17 of 3rd period - Nathan Davis wins face-off versus James Wright in Knights zone.
18:51 of 3rd period - Wrist shot by Chris Thorburn.
18:51 of 3rd period - Shot Misses the Net.
19:07 of 3rd period - Slapshot by Alex Chiasson.
19:07 of 3rd period - Stopped by Jamie Storr with a rebound.
19:16 of 3rd period - Minor Penalty to Garnet Exelby for Hooking.
19:17 of 3rd period - Mike Zigomanis wins face-off versus James Wright in Knights zone.
19:30 of 3rd period - Wrist shot by Mike Zigomanis.
19:30 of 3rd period - Stopped by Dany Sabourin without a rebound.
19:31 of 3rd period - Mike Zigomanis wins face-off versus James Wright in Knights zone.
Goals for this period are 1 for Wolves vs 2 for Knights.
Shots for this period are 13 for Wolves vs 10 for Knights.

Overtime #1


0:01 of 1st overtime period - Gustav Nyquist wins face-off versus Mike Zigomanis in neutral zone.
0:04 of 1st overtime period - Slapshot by Eric Gelinas.
0:04 of 1st overtime period - Deflect By Nate Guenin.
0:04 of 1st overtime period - Stopped by Jamie Storr with a rebound.
1:16 of 1st overtime period - Penalty to Garnet Exelby is over, Garnet Exelby is back on ice.
1:57 of 1st overtime period - Nate Guenin is hit by Michael Raffl and loses puck.
2:06 of 1st overtime period - Marco Scandella is hit by Marc Methot and loses puck.
2:59 of 1st overtime period - Snap shot by Kevin Veilleux.
2:59 of 1st overtime period - Stopped by Dany Sabourin with a rebound.
3:01 of 1st overtime period - Slapshot by Willie Mitchell.
3:01 of 1st overtime period - Shot Misses the Net.
3:03 of 1st overtime period - Slapshot by Willie Mitchell.
3:03 of 1st overtime period - Stopped by Dany Sabourin without a rebound.
3:04 of 1st overtime period - Gustav Nyquist wins face-off versus Mike Zigomanis in Knights zone.
3:15 of 1st overtime period - Marc Methot is hit by Eric Gelinas and loses puck.
3:32 of 1st overtime period - Michael Raffl is hit by Willie Mitchell and loses puck.
3:45 of 1st overtime period - Mike Zigomanis is hit by Zack Hamill and loses puck.
3:58 of 1st overtime period - Snap shot by Milan Bartovic.
3:58 of 1st overtime period - Shot Blocked by Eric Gelinas.
4:00 of 1st overtime period - Slapshot by Nate Guenin.
4:00 of 1st overtime period - Deflect By Dan Fritsche.
4:00 of 1st overtime period - Shot Misses the Net.
4:00 of 1st overtime period - Puck is out of play.
4:01 of 1st overtime period - Milan Bartovic wins face-off versus Gustav Nyquist in Knights zone.
4:04 of 1st overtime period - Slapshot by Milan Bartovic.
4:04 of 1st overtime period - Stopped by Dany Sabourin without a rebound.
4:05 of 1st overtime period - Zack Hamill wins face-off versus Mike Zigomanis in Knights zone.
4:53 of 1st overtime period - Nathan Davis is hit by Garnet Exelby and loses puck.
Goals for this period are 0 for Wolves vs 0 for Knights.
Shots for this period are 3 for Wolves vs 1 for Knights.

ShootOut


5:00 of 1st overtime period - Penalty Shot by Mike Zigomanis for Wolves.
5:00 of 1st overtime period - Snap shot by Mike Zigomanis.
5:00 of 1st overtime period - Stopped by Dany Sabourin.
5:00 of 1st overtime period - Penalty Shot by Chris Thorburn for Knights.
5:00 of 1st overtime period - Wrist shot by Chris Thorburn.
5:00 of 1st overtime period - Stopped by Jamie Storr.
5:00 of 1st overtime period - Penalty Shot by Mike Sislo for Wolves.
5:00 of 1st overtime period - Wrist shot by Mike Sislo.
5:00 of 1st overtime period - Goal by Mike Sislo.
5:00 of 1st overtime period - Penalty Shot by Gustav Nyquist for Knights.
5:00 of 1st overtime period - Snap shot by Gustav Nyquist.
5:00 of 1st overtime period - Goal by Gustav Nyquist.
5:00 of 1st overtime period - Penalty Shot by Milan Bartovic for Wolves.
5:00 of 1st overtime period - Snap shot by Milan Bartovic.
5:00 of 1st overtime period - Stopped by Dany Sabourin.
5:00 of 1st overtime period - Penalty Shot by Zack Hamill for Knights.
5:00 of 1st overtime period - Wrist shot by Zack Hamill.
5:00 of 1st overtime period - Goal by Zack Hamill.


Output by the SimonT Hockey Simulator (STHS) for François Prévost -- Original Page W3C XHTML 1.0 Valid
Hockey Simulator - Hockey Simulation - Hockey Manager